 Dungeon Crawl Stone Soup version 0.27-a0-1202-ge72e49191c (webtiles) character file.

Game seed: 11625831745888061543

1641 deadmanwalking the Thaumaturge (level 8, -11/60 HPs)
             Began as a Gnoll Hedge Wizard on June 2, 2021.
             Killed by divine providence
             ... invoked by an orc priest
              (15 damage)
             ... on level 7 of the Dungeon.
             The game lasted 00:30:26 (8142 turns).

deadmanwalking the Thaumaturge (Gnoll Hedge Wizard) Turns: 8142, Time: 00:30:27

Health: -11/60     AC:  7    Str: 13    XL:     8   Next: 99%
Magic:  16/20      EV: 14    Int: 25    God:
Gold:   196        SH:  0    Dex: 12    Spells: 10/23 levels left

rFire    . . .     SeeInvis .   a - staff of conjuration
rCold    . . .     Faith    .   (no shield)
rNeg     + . .     Spirit   .   n - +0 robe
rPois    .         Reflect  .   c - +2 hat
rElec    .         Harm     .   J - +0 cloak
rCorr    .         Rampage  .   H - +0 pair of gloves of Analysis {rN+ Str+4 Int+3}
Will     .....                  I - +0 pair of boots
Stlth    +++.......             l - amulet of regeneration
HPRegen  1.20/turn              y - +6 ring of intelligence
MPRegen  0.17/turn              (no ring)

@: no status effects
A: fangs 1, strong nose, distributed training
a: no special abilities


You were on level 7 of the Dungeon.
You visited 1 branch of the dungeon, and saw 9 of its levels.

You collected 208 gold pieces.
You spent 12 gold pieces at shops.

Inventory:

Hand Weapons
 b - a +2 vorpal hunting sling
 e - a +0 dagger of electrocution
 G - a +0 dagger of venom
Missiles
 d - 208 stones
 g - 31 poisoned darts
 j - 53 sling bullets
 k - 7 bolts
 v - 41 arrows
Armour
 c - a +2 hat (worn)
 n - a +0 robe (worn)
 H - the +0 pair of gloves of Analysis (worn) {rN+ Str+4 Int+3}
   (You found it on level 9 of the Dungeon)

   It affects your strength (+4).
   It affects your intelligence (+3).
   It protects you from negative energy.
 I - a +0 pair of boots (worn)
 J - a +0 cloak (worn)
Magical Staves
 a - a staff of conjuration (weapon)
Jewellery
 l - an amulet of regeneration (around neck)
 y - a +6 ring of intelligence (left hand)
Wands
 x - a wand of mindburst (1)
 C - a wand of polymorph (9)
 E - a wand of iceblast (25)
 F - a wand of digging (3)
Scrolls
 f - 2 scrolls of enchant armour
 h - a scroll of holy word {unknown}
 i - a scroll of enchant weapon {unknown}
 o - a scroll of vulnerability {unknown}
 p - a scroll of brand weapon
 q - a scroll of magic mapping
 s - 4 scrolls of immolation
 B - a scroll of torment {unknown}
Potions
 m - a potion of mutation
 r - 3 potions of attraction
 u - 3 potions of curing
 w - 3 potions of lignification
 z - 4 potions of heal wounds
 A - a potion of might
 D - 2 potions of haste
Miscellaneous
 K - a piece from Xom's chessboard (14/15)


   Skills:
 + Level 3.7 Fighting
 + Level 3.7 Short Blades
 + Level 3.7 Long Blades
 + Level 3.7 Axes
 + Level 3.7 Maces & Flails
 + Level 3.7 Polearms
 + Level 3.7 Staves
 + Level 3.7 Slings
 + Level 3.7 Bows
 + Level 3.7 Crossbows
 + Level 3.7 Throwing
 + Level 3.7 Armour
 + Level 6.0 Dodging
 + Level 5.7 Stealth
 + Level 3.7 Shields
 + Level 3.7 Unarmed Combat
 + Level 8.1 Spellcasting
 + Level 3.8 Conjurations
 + Level 3.1 Hexes
 + Level 3.8 Summonings
 + Level 3.1 Necromancy
 + Level 3.8 Translocations
 + Level 3.1 Transmutations
 + Level 3.1 Fire Magic
 + Level 3.1 Ice Magic
 + Level 3.1 Air Magic
 + Level 3.1 Earth Magic
 + Level 3.1 Poison Magic
 + Level 4.1 Invocations
 + Level 3.7 Evocations


You had 10 spell levels left.
You knew the following spells:

 Your Spells              Type           Power      Damage    Failure   Level
a - Magic Dart            Conj           100%       1d8       1%          1
b - Blink                 Tloc           N/A        N/A       1%          2
c - Call Imp              Summ           29%        N/A       1%          2
d - Slow                  Hex            25%        N/A       2%          2
e - Conjure Flame         Conj/Fire      41%        6-21      4%          3
f - Mephitic Cloud        Conj/Pois/Air  40%        N/A       4%          3

Your spell library contained the following spells:

 Spells                   Type           Power      Damage    Failure   Level


Dungeon Overview and Level Annotations

Branches:
Dungeon (9/15)
 Temple: D:4-7         Lair: D:8-11         Orc: D:9-12

Altars:
Ru
Uskayaw

Shops:
D:4 [   D:5 (:!*=

Annotations:
D:3 1 runed translucent door, MielenSydan's ghost, amateur DsMo
D:5 3 runed translucent doors, FacelessVoid's ghost, novice DgFi; Sabo's ghost, amateur GrFi; dolemite99's ghost, novice TrMo
D:9 2 transporters, Pikel


Innate Abilities, Weirdness & Mutations

You have very sharp teeth.
Your uncanny sense of smell can sniff out nearby items.
Your experience applies equally to all skills.


Message History

The orc shouts!
You hear a shout!
Something hits you!
You hit the orc priest but do no damage.
The orc priest mumbles some strange prayers to Beogh against you.
Beogh smites you! Something completely misses you.
Casting: Mephitic Cloud (dangerous; 4% risk of failure)
Confirm with . or Enter, or press ? or * to list all spells.
You blink.
An orc comes into view. It is wielding a +0 mace.
The orc shouts!
You hear a shout!
The orc misses you.
The orc priest hits you with a +0 flail.
An orc comes into view. It is wielding a +0 club.
You closely miss the orc. You bite the orc.
The orc is moderately wounded.
The orc priest calls down the wrath of Beogh upon you.
Beogh smites you! The orc barely misses you.
The orc hits you with a +0 hand axe.
A wyvern skeleton comes into view.
The orc priest mumbles some strange prayers to Beogh against you.
Beogh smites you!
* * * LOW HITPOINT WARNING * * *
A necrophage comes into view.
As you read the scroll of fear, it crumbles to dust.
You assume a fearsome visage.
The orc looks frightened! x2
The wyvern skeleton is unaffected.
The necrophage is unaffected.
The gnoll looks frightened!
The orc warrior looks frightened!
The orc looks frightened!
The orc priest looks frightened! x2
The necrophage is unaffected.
An orc comes into view. It is wielding a +0 club.
Cornered, the orc priest turns to fight!
An orc priest comes into view. It is wielding a +0 hand axe.
The orc priest invokes the aid of Beogh against you.
Beogh smites you!
* * * LOW HITPOINT WARNING * * *
Something barely misses you.
The orc priest mumbles some strange prayers to Beogh against you.
Beogh smites you!
You die...

......g...........
..#..#####....n.......
#.#### #...###..... #.#
#.#.# #.... #$#
#.#..##...# #.#
#.##.##...##### #.#####
#.# ..#........ #.....#
#.# #.#........ #.....#
#.###)#@....... ......#
#....{.........
##....####.........#####
#..............Zn..#
#.########......#o.#
#.......no............
#########o...###...###
#.#### o...o #. #.o##


You could see a necrophage (wandering), an orc priest, 2 orcs and a wyvern
skeleton.

Vanquished Creatures
  Maurice (D:9)
  Sigmund (D:5)
  A wyvern (D:9)
  Eustachio (D:4)
  A black bear (D:4)
  A phantom (D:5)
  3 lemures
  A bullfrog (D:5)
  A gnoll sergeant (D:7)
  A bullfrog skeleton (D:4)
  2 hounds (D:5)
  A jelly (D:5)
  4 iguanas
  2 orc wizards
  A hound zombie (D:4)
  A hound skeleton (D:4)
  A howler monkey zombie (D:9)
  3 adders
  A gnoll (D:9)
  An ufetubus (D:4)
  An adder skeleton (D:4)
  2 dart slugs (D:1)
  8 orcs
  6 ball pythons
  8 endoplasms
  4 giant cockroaches
  7 goblins
  10 hobgoblins
  6 jackals
  6 quokkas
  9 bats
  4 frilled lizards
  3 kobolds
  10 rats
113 creatures vanquished.

Vanquished Creatures (collateral kills)
  A sky beast (D:5)
  A centaur (D:7)
  A hound (D:4)
  A gnoll (D:7)
  An endoplasm (D:1)
  A giant cockroach (D:4)
6 creatures vanquished.

Vanquished Creatures (others)
  4 withered plants (D:5)
4 creatures vanquished.

Grand Total: 123 creatures vanquished

Notes
Turn   | Place    | Note
-------+----------+-------------------------------------------
     0 | D:1      | deadmanwalking the Gnoll Hedge Wizard began the quest for
                  | the Orb.
     0 | D:1      | Reached XP level 1. HP: 13/13 MP: 8/8
   187 | D:1      | Reached XP level 2. HP: 19/19 MP: 6/10
   190 | D:1      | Learned a level 2 spell: Blink
   193 | D:1      | Learned a level 2 spell: Call Imp
   196 | D:1      | Learned a level 2 spell: Slow
   566 | D:1      | Reached XP level 3. HP: 25/25 MP: 9/11
  1172 | D:1      | Reached skill level 1 in Invocations
  1461 | D:2      | Found a faded altar of an unknown god.
  1885 | D:2      | Learned a level 3 spell: Conjure Flame
  1889 | D:2      | Learned a level 3 spell: Mephitic Cloud
  2063 | D:2      | Reached skill level 1 in Fighting
  2063 | D:2      | Reached skill level 1 in Short Blades
  2063 | D:2      | Reached skill level 1 in Long Blades
  2063 | D:2      | Reached skill level 1 in Axes
  2063 | D:2      | Reached skill level 1 in Maces & Flails
  2063 | D:2      | Reached skill level 1 in Polearms
  2063 | D:2      | Reached skill level 1 in Staves
  2063 | D:2      | Reached skill level 1 in Slings
  2063 | D:2      | Reached skill level 1 in Bows
  2063 | D:2      | Reached skill level 1 in Crossbows
  2063 | D:2      | Reached skill level 1 in Throwing
  2063 | D:2      | Reached skill level 1 in Armour
  2063 | D:2      | Reached skill level 1 in Shields
  2063 | D:2      | Reached skill level 1 in Unarmed Combat
  2063 | D:2      | Reached skill level 1 in Evocations
  2472 | D:3      | Reached XP level 4. HP: 32/32 MP: 8/13
  2477 | D:3      | Found a hide-covered altar of Uskayaw.
  2494 | D:3      | Found a runed translucent door.
  2495 | D:3      | Noticed MielenSydan's ghost (amateur DsMo)
  2522 | D:3      | Found a sacrificial altar of Ru.
  3199 | D:4      | Noticed a black bear
  3388 | D:4      | Reached skill level 1 in Hexes
  3388 | D:4      | Reached skill level 1 in Necromancy
  3388 | D:4      | Reached skill level 1 in Transmutations
  3388 | D:4      | Reached skill level 1 in Fire Magic
  3388 | D:4      | Reached skill level 1 in Ice Magic
  3388 | D:4      | Reached skill level 1 in Air Magic
  3388 | D:4      | Reached skill level 1 in Earth Magic
  3388 | D:4      | Reached skill level 1 in Poison Magic
  3473 | D:4      | Reached XP level 5. HP: 37/37 MP: 7/14
  4375 | D:4      | Reached XP level 6. HP: 44/44 MP: 4/16
  4453 | D:4      | Noticed Eustachio
  4469 | D:4      | Killed Eustachio
  4470 | D:4      | Reached skill level 5 in Dodging
  4853 | D:4      | Found Jakeg's Antique Armour Shop.
  4899 | D:4      | Killed a black bear
  4900 | D:4      | Reached XP level 7. HP: 50/50 MP: 5/18
  5075 | D:5      | Entered Level 5 of the Dungeon
  5148 | D:5      | Found Guyme's Jewellery Boutique.
  5244 | D:5      | Noticed Sigmund
  5258 | D:5      | Found a runed translucent gate.
  5258 | D:5      | Found a runed translucent gate.
  5258 | D:5      | Found a runed translucent gate.
  5259 | D:5      | Noticed Sabo's ghost (amateur GrFi)
  5259 | D:5      | Noticed FacelessVoid's ghost (novice DgFi)
  5530 | D:5      | Found Gahe's Weapon Shoppe.
  5613 | D:5      | Reached skill level 5 in Stealth
  5675 | D:5      | Found Osenis's Distillery.
  5683 | D:5      | Bought a potion of degeneration for 12 gold pieces
  5701 | D:5      | Found Coig's Assorted Antiques.
  6350 | D:5      | Found Enkov's Book Shop.
  6432 | D:5      | Noticed dolemite99's ghost (novice TrMo)
  6479 | D:5      | Killed Sigmund
  6480 | D:5      | Reached XP level 8. HP: 58/58 MP: 12/19
  7168 | D:6      | You fall into a shaft and drop 3 floors!
  7196 | D:9      | Found a transporter.
  7196 | D:9      | Identified the +0 pair of gloves of Analysis {rN+ Str+4
                  | Int+3}
  7580 | D:9      | Found a transporter.
  7599 | D:9      | Noticed Maurice
  7664 | D:9      | Killed Maurice
  7665 | D:9      | Reached skill level 8 in Spellcasting
  7755 | D:9      | Noticed a wyvern
  7761 | D:9      | Noticed Pikel
  7765 | D:9      | Killed a wyvern
  8141 | D:7      | HP: 2/60 [orc priest/divine providence (13)]
  8142 | D:7      | Killed from afar by an orc priest

Illustrated notes

Levels and vault maps discovered:
D:1:      minmay_arrival_semitransparent, layout_loops_ring,
          hangedman_decor_points, nrook_mini_vaults, st_stairs_13
D:2:      minmay_door_path, layout_basic,
          chequers_ecumenical_altar_simple_redux, minmay_misc_feat_pillars
D:3:      layout_basic, hangedman_ru_absence, nicolae_uskayaw_dance_hall,
          ebering_ghost_reflecting_pool
D:4:      layout_loops_ring, serial_shops, shop, uniq_eustachio
D:5:      layout_basic, serial_shops, shop_fountains, nicolae_shop_crystal,
          shop, shop, nicolae_shop_waterfront, gammafunk_ghost_cemetery,
          uniq_sigmund
D:6:      layout_basic, lemuel_crystal_altar, minmay_temple_entry_crystal_x,
          uniq_menkaure
D:7:      minmay_evil_eye, layout_basic, general_overflow_altar, serial_shops,
          nicolae_shop_crystal
D:8:      layout_layer_cave, david_lair_generic, serial_glass, glass_columns_a,
          glass_columns_a, hellmonk_bongcloud_opening, serial_park_tiny_2
D:9:      gammafunk_steamed_eel, layout_irregular_city, uniq_maurice, uniq_pikel

Skill      XL: |  1  2  3  4  5  6  7  8 |
---------------+-------------------------+-----
Conjurations   | 2 3 |  3.8
Summonings     | 2 3 |  3.8
Translocations | 2 3 |  3.8
Invocations    | 1 2 3 4 |  4.1
Fighting       | 1 2 3 |  3.7
Short Blades   | 1 2 3 |  3.7
Long Blades    | 1 2 3 |  3.7
Axes           | 1 2 3 |  3.7
Maces & Flails | 1 2 3 |  3.7
Polearms       | 1 2 3 |  3.7
Staves         | 1 2 3 |  3.7
Slings         | 1 2 3 |  3.7
Bows           | 1 2 3 |  3.7
Crossbows      | 1 2 3 |  3.7
Throwing       | 1 2 3 |  3.7
Armour         | 1 2 3 |  3.7
Shields        | 1 2 3 |  3.7
Unarmed Combat | 1 2 3 |  3.7
Evocations     | 1 2 3 |  3.7
Hexes          | 1 2 3 |  3.1
Necromancy     | 1 2 3 |  3.1
Transmutations | 1 2 3 |  3.1
Fire Magic     | 1 2 3 |  3.1
Ice Magic      | 1 2 3 |  3.1
Air Magic      | 1 2 3 |  3.1
Earth Magic    | 1 2 3 |  3.1
Poison Magic   | 1 2 3 |  3.1
Dodging        | 5 6 |  6.0
Stealth        | 5 |  5.7
Spellcasting   | 8 |  8.1

Action                   |  1- 3 |  4- 6 |  7- 9 || total
-------------------------+-------+-------+-------++-------
Melee: Dagger            |     1 |       |       ||     1
       Staff             |       |     4 |    12 ||    16
       Bite              |       |       |     2 ||     2
Throw: Dart              |       |     8 |       ||     8
 Cast: Magic Dart        |   112 |   146 |   133 ||   391
       Call Imp          |     2 |     7 |     9 ||    18
       Slow              |       |     2 |     4 ||     6
       Conjure Flame     |       |     2 |     3 ||     5
       Mephitic Cloud    |       |     2 |     4 ||     6
       Blink             |       |       |     3 ||     3
Evoke: Wand              |       |       |     9 ||     9
       Piece from Xom's  |       |       |     1 ||     1
  Use: Scroll            |     2 |     5 |     7 ||    14
 Stab: Sleeping          |     1 |       |       ||     1
Armor: Robe              |     2 |     2 |    13 ||    17
Dodge: Dodged            |    12 |    30 |    66 ||   108

Table legend: (Time is in decaauts)
 A = Elapsed time spent in this place.
 B = Non-inter-level travel time spent in this place.
 C = Inter-level travel time spent in this place.
 D = Time resting spent in this place.
 E = Time spent auto-exploring this place.
 F = Levels seen in this place.
 G = Mean time per level.
                   A        B        C        D        E       F      G
               +--------+--------+--------+--------+--------+-----+--------+
         Total |   8148 |   7628 |    520 |    340 |   5565 |   9 |  905.3 |
       Dungeon |   8148 |   7628 |    520 |    340 |   5565 |   9 |  905.3 |
               +--------+--------+--------+--------+--------+-----+--------+

Top non-repeatable levels by time:
     D:5: 1950 daAuts
     D:4: 1690 daAuts
     D:1: 1403 daAuts
     D:3: 1068 daAuts
     D:2: 998 daAuts
     D:9: 683 daAuts
     D:7: 178 daAuts
     D:8: 111 daAuts
     D:6: 63 daAuts
